[Event "Moscow Rapid-ch 2018"]
[Site "Moscow"]
[Date "2018.12.08"]
[Round "4"]
[White "Diakonova, Ekaterina"]
[Black "Chasovnikova, Eugenia"]
[Result "0-1"]
[ECO "B31"]
[WhiteElo "2225"]
[BlackElo "2201"]
[Annotator "NA"]
[PlyCount "64"]
[EventDate "2018.12.08"]
[EventType "swiss"]
[EventCountry "RUS"]
[SourceTitle "playchess.com"]
[Source "ChessBase"]
[SourceQuality "1"]
[TimeControl "900+10"]

1. e4 c5 2. Nf3 Nc6 3. Bb5 g6 4. O-O Bg7 5. Re1 e5 6. Nc3 Nge7 7. Nd5 O-O 8. d3 Nxd5 9. exd5 Nd4 10. c4 Nxb5 11. cxb5 d6 12. Nd2 b6 13. a4 f5 14. a5 bxa5 15. Qb3 Bb7 16. Qc4 a6 17. b6 Qxb6 18. Nb3 a4 19. Rxa4 a5 20. Bd2 Ba6 21. Qc2 e4 22. dxe4 fxe4 23. Bxa5 Qb5 24. Ra2 e3 25. f3 c4 26. Nc1 Qxd5 27. Ne2 Qd3 28. Rc1 d5 29. Bb6 d4 30. Nxd4 Bxd4 31. Bxd4 Qxd4 32. Rd1 e2+ 0-1

[Event "Moscow Rapid-ch 2018"]
[Site "Moscow"]
[Date "2018.12.08"]
[Round "4"]
[White "Strutinskaia, Galina"]
[Black "Kanevskaya, Anna"]
[Result "1/2-1/2"]
[ECO "A01"]
[WhiteElo "2201"]
[BlackElo "2105"]
[Annotator "NA"]
[PlyCount "67"]
[EventDate "2018.12.08"]
[EventType "swiss"]
[EventCountry "RUS"]
[SourceTitle "playchess.com"]
[Source "ChessBase"]
[SourceQuality "1"]
[TimeControl "900+10"]

1. b3 a5 2. f4 a4 3. Bb2 e6 4. Nf3 d5 5. e3 Nf6 6. bxa4 Ne4 7. Nc3 Nc5 8. Bb5+ c6 9. Be2 Be7 10. O-O O-O 11. Ne5 f6 12. Nd3 Nxa4 13. Nxa4 Rxa4 14. Qe1 c5 15. Qg3 Nc6 16. Nf2 Qb6 17. Rab1 Qc7 18. a3 c4 19. h4 Bxa3 20. Bxa3 Rxa3 21. h5 Ne7 22. c3 Ra2 23. Rbd1 Bd7 24. Bg4 f5 25. Bf3 h6 26. Qh4 Qd8 27. g4 fxg4 28. Bxg4 Nf5 29. Qh3 Bc6 30. Nh1 Qf6 31. Rf2 Ba4 32. Rb1 Rf7 33. Ng3 Bc2 34. Bxf5 1/2-1/2

[Event "Moscow Rapid-ch 2018"]
[Site "Moscow"]
[Date "2018.12.08"]
[Round "4"]
[White "Chudinovskikh, Alexander M"]
[Black "Pavlov, Danila"]
[Result "1-0"]
[ECO "C01"]
[WhiteElo "2184"]
[BlackElo "2323"]
[Annotator "NA"]
[PlyCount "51"]
[EventDate "2018.12.08"]
[EventType "swiss"]
[EventCountry "RUS"]
[SourceTitle "playchess.com"]
[Source "ChessBase"]
[SourceQuality "1"]
[TimeControl "900+10"]

1. e4 e6 2. d4 d5 3. exd5 exd5 4. Nf3 Bd6 5. c4 dxc4 6. Bxc4 Nf6 7. O-O O-O 8. h3 a6 9. Nc3 b5 10. Bb3 Bb7 11. Bg5 Nbd7 12. Re1 Re8 13. Rxe8+ Qxe8 14. Qd3 Qf8 15. Bxf6 Nxf6 16. Ng5 g6 17. Nxf7 Kg7 18. Ng5 Qe7 19. Ne6+ Kh8 20. Re1 Re8 21. Re3 Qd7 22. d5 c5 23. dxc6 Qxc6 24. Bd5 Qd7 25. Qd4 Qf7 26. Ng5 1-0

[Event "Moscow Rapid-ch 2018"]
[Site "Moscow"]
[Date "2018.12.08"]
[Round "4"]
[White "Stukan, Martin"]
[Black "Reprintsev, Alexander"]
[Result "1-0"]
[ECO "B01"]
[WhiteElo "2142"]
[BlackElo "2371"]
[Annotator "NA"]
[PlyCount "55"]
[EventDate "2018.12.08"]
[EventType "swiss"]
[EventCountry "RUS"]
[SourceTitle "playchess.com"]
[Source "ChessBase"]
[SourceQuality "1"]
[TimeControl "900+10"]

1. e4 d5 2. exd5 Qxd5 3. Nc3 Qa5 4. d4 Nf6 5. Nf3 Nc6 6. Bb5 Ne4 7. Bxc6+ bxc6 8. O-O Nxc3 9. bxc3 Bf5 10. Nh4 Be6 11. Qf3 Bd5 12. Qg3 e6 13. Bf4 g5 14. Qxg5 Be7 15. Qh5 Qxc3 16. Bxc7 Qxc2 17. Bg3 Rg8 18. Rfe1 Rg5 19. Qh6 Kd7 20. Rab1 c5 21. dxc5 Rag8 22. c6+ Bxc6 23. Rbc1 Qxa2 24. Qxh7 R8g7 25. Qd3+ Rd5 26. Qc3 Bxh4 27. Qxc6+ Ke7 28. Bxh4+ 1-0

[Event "Moscow Rapid-ch 2018"]
[Site "Moscow"]
[Date "2018.12.08"]
[Round "4"]
[White "Vyrtosu, Natalia"]
[Black "Martynyuk, Elizaveta"]
[Result "0-1"]
[ECO "D00"]
[WhiteElo "1952"]
[BlackElo "2128"]
[Annotator "NA"]
[PlyCount "66"]
[EventDate "2018.12.08"]
[EventType "swiss"]
[EventCountry "RUS"]
[SourceTitle "playchess.com"]
[Source "ChessBase"]
[SourceQuality "1"]
[TimeControl "900+10"]

1. d4 d5 2. Bf4 Nf6 3. e3 c6 4. Nf3 Qb6 5. Qc1 Bf5 6. c4 dxc4 7. Bxc4 e6 8. O-O Be7 9. Nc3 O-O 10. Nh4 Bg6 11. Nxg6 hxg6 12. Qc2 Nbd7 13. Na4 Qa5 14. Nc3 Rac8 15. a3 c5 16. d5 Nb6 17. dxe6 Nxc4 18. exf7+ Rxf7 19. b3 Nd6 20. Bxd6 Bxd6 21. Ne4 Be5 22. Ra2 Nxe4 23. Qxe4 Qc7 24. f4 Bf6 25. Qxg6 Re7 26. e4 Bd4+ 27. Kh1 Rf8 28. g3 Rf6 29. Qh5 Rxe4 30. Qd5+ Ree6 31. Re1 Qc6 32. Qxc6 Rxe1+ 33. Kg2 Rxc6 0-1

[Event "Moscow Rapid-ch 2018"]
[Site "Moscow"]
[Date "2018.12.08"]
[Round "5"]
[White "Lavrov, Maxim"]
[Black "Gorbatov, Alexej"]
[Result "1-0"]
[ECO "B22"]
[WhiteElo "2387"]
[BlackElo "2389"]
[Annotator "NA"]
[PlyCount "69"]
[EventDate "2018.12.08"]
[EventType "swiss"]
[EventCountry "RUS"]
[SourceTitle "playchess.com"]
[Source "ChessBase"]
[SourceQuality "1"]
[TimeControl "900+10"]

1. e4 c5 2. c3 a6 3. d4 cxd4 4. cxd4 d5 5. Nc3 dxe4 6. Bc4 Nf6 7. Qb3 e6 8. d5 b5 9. dxe6 bxc4 10. Qa4+ Ke7 11. Be3 fxe6 12. Qxc4 Bb7 13. Qb4+ Ke8 14. Qxb7 Nbd7 15. Nh3 Bd6 16. Ng5 Qc7 17. Qxc7 Bxc7 18. Nxe6 Be5 19. Nxg7+ Kf7 20. Nf5 Rab8 21. O-O-O Kg6 22. Ne7+ Kf7 23. Nc6 Rb7 24. Nxe5+ Nxe5 25. Kb1 Rc8 26. Bd4 Nc4 27. b3 Na3+ 28. Kb2 Nc4+ 29. Ka1 Na3 30. Bxf6 Kxf6 31. Nxe4+ Kg6 32. Nd6 Rc2 33. Nxb7 Nb5 34. Rc1 Rxf2 35. Nc5 1-0

[Event "Moscow Rapid-ch 2018"]
[Site "Moscow"]
[Date "2018.12.08"]
[Round "5"]
[White "Tsvetkov, Andrey"]
[Black "Girshgorn, Leonid"]
[Result "1-0"]
[ECO "D85"]
[WhiteElo "2338"]
[BlackElo "2038"]
[Annotator "NA"]
[PlyCount "116"]
[EventDate "2018.12.08"]
[EventType "swiss"]
[EventCountry "RUS"]
[SourceTitle "playchess.com"]
[Source "ChessBase"]
[SourceQuality "1"]
[TimeControl "900+10"]

1. d4 Nf6 2. c4 g6 3. Nc3 d5 4. cxd5 Nxd5 5. e4 Nxc3 6. bxc3 Bg7 7. Nf3 c5 8. Be3 Nc6 9. Qd2 cxd4 10. cxd4 Bg4 11. Rd1 O-O 12. Be2 Rc8 13. O-O Na5 14. Qb4 Nc6 15. Qxb7 Bxf3 16. Bxf3 Nxd4 17. Qxa7 Nxf3+ 18. gxf3 Qe8 19. Qd7 Rc2 20. Qxe8 Rxe8 21. a3 Ra8 22. Rd7 Bf8 23. Rb1 Rcc8 24. Rb3 Ra6 25. Ra7 Ra8 26. Rxa6 Rxa6 27. Rb8 Kg7 28. Bc5 f6 29. Kf1 Kf7 30. Ke2 f5 31. Kd3 Bg7 32. Rb7 Bf6 33. Ra7 fxe4+ 34. fxe4 Rc6 35. Bb4 Bh4 36. f4 Rc1 37. Bd2 Rd1 38. Rd7 Ra1 39. Ra7 Rd1 40. Kc3 Bf2 41. Rb7 Ra1 42. Kc4 Rd1 43. Bc3 Be3 44. f5 gxf5 45. exf5 Bg5 46. a4 Bf6 47. Bb4 Rd4+ 48. Kb5 Rd5+ 49. Kc6 Rxf5 50. a5 Rf1 51. a6 Ra1 52. a7 Bd4 53. Rxe7+ Kf6 54. Rd7 Ra6+ 55. Kb5 Rxa7 56. Rxd4 Ra2 57. Rd2 Ra1 58. Bc3+ Ke6 1-0

[Event "Moscow Rapid-ch 2018"]
[Site "Moscow"]
[Date "2018.12.08"]
[Round "5"]
[White "Dudin, Gleb"]
[Black "Gurvich, Vitaly"]
[Result "1/2-1/2"]
[ECO "E73"]
[WhiteElo "2303"]
[BlackElo "2270"]
[Annotator "NA"]
[PlyCount "95"]
[EventDate "2018.12.08"]
[EventType "swiss"]
[EventCountry "RUS"]
[SourceTitle "playchess.com"]
[Source "ChessBase"]
[SourceQuality "1"]
[TimeControl "900+10"]

1. c4 Nf6 2. Nc3 g6 3. e4 d6 4. d4 Bg7 5. Be2 O-O 6. Bg5 c5 7. d5 b5 8. cxb5 a6 9. a4 Qa5 10. Bd2 axb5 11. Bxb5 Ba6 12. Ra3 Nbd7 13. Nf3 Bxb5 14. Nxb5 Qb6 15. Qc2 e6 16. dxe6 fxe6 17. O-O d5 18. exd5 exd5 19. Bf4 Ne4 20. Bc7 Qb7 21. Rd1 Kh8 22. Re3 c4 23. b3 cxb3 24. Qxb3 Ndc5 25. Qxd5 Qxd5 26. Rxd5 Rxa4 27. Rd1 Rb4 28. Nd6 Nc3 29. Rc1 Rb2 30. h3 N5a4 31. Kh1 Rxf2 32. Ne4 Nxe4 33. Rxe4 Nc3 34. Rc4 Nd5 35. Bg3 Re2 36. Rc8 Ree8 37. Rxe8 Rxe8 38. Rd1 Nc3 39. Rd7 Ne4 40. Bc7 Bf6 41. Bb6 Kg8 42. Bd4 Bxd4 43. Rxd4 Ng3+ 44. Kh2 Nf5 45. Rd2 Kg7 46. Rd7+ Re7 47. Rxe7+ Nxe7 48. Ng1 1/2-1/2

[Event "Moscow Rapid-ch 2018"]
[Site "Moscow"]
[Date "2018.12.08"]
[Round "5"]
[White "Paramzina, Anastasya"]
[Black "Borisova, Ekaterina"]
[Result "1-0"]
[ECO "B56"]
[WhiteElo "2229"]
[BlackElo "2244"]
[Annotator "NA"]
[PlyCount "91"]
[EventDate "2018.12.08"]
[EventType "swiss"]
[EventCountry "RUS"]
[SourceTitle "playchess.com"]
[Source "ChessBase"]
[SourceQuality "1"]
[TimeControl "900+10"]

1. e4 c5 2. Nc3 Nc6 3. Nf3 d6 4. d4 cxd4 5. Nxd4 Nf6 6. Nb3 g6 7. Be2 Bg7 8. h4 h5 9. f3 Be6 10. Nd5 Bxd5 11. exd5 Ne5 12. Be3 Qc7 13. Qd2 Rc8 14. c4 O-O 15. Rc1 b5 16. cxb5 Qb7 17. Rd1 Nc4 18. Bxc4 Rxc4 19. Na5 Qxb5 20. Nxc4 Qxc4 21. b3 Qa6 22. Kf2 Nd7 23. Rc1 Ne5 24. Rhd1 Bf6 25. g3 Qb7 26. Kg2 Qd7 27. Qc2 a5 28. Qe4 Rb8 29. Rc2 Rb4 30. Rd4 Rb5 31. Bg5 Bxg5 32. hxg5 Qb7 33. Rd1 Rb4 34. Qe3 Rb5 35. Qd4 Rb4 36. Qc3 Qa7 37. Rdc1 Rb5 38. Qd2 a4 39. f4 Ng4 40. Rc8+ Kh7 41. Qb2 e5 42. dxe6 Qb7+ 43. R1c6 Ne5 44. fxe5 Rxe5 45. exf7 Qb5 46. Rh8+ 1-0

[Event "Moscow Rapid-ch 2018"]
[Site "Moscow"]
[Date "2018.12.08"]
[Round "5"]
[White "Vlasov, Sergey"]
[Black "Chudinovskikh, Alexander M"]
[Result "1-0"]
[ECO "C24"]
[WhiteElo "2229"]
[BlackElo "2184"]
[Annotator "NA"]
[PlyCount "109"]
[EventDate "2018.12.08"]
[EventType "swiss"]
[EventCountry "RUS"]
[SourceTitle "playchess.com"]
[Source "ChessBase"]
[SourceQuality "1"]
[TimeControl "900+10"]

1. e4 e5 2. Bc4 Nf6 3. Qe2 Bc5 4. Nf3 Nc6 5. c3 O-O 6. Bb3 d5 7. d3 a5 8. a4 Be6 9. Bc2 Ng4 10. O-O f5 11. Ng5 Bc8 12. exd5 Qxd5 13. Nd2 Kh8 14. Bb3 Qd6 15. h3 Nh6 16. Kh1 Bd7 17. Nde4 fxe4 18. Nxe4 Qg6 19. Nxc5 Bf5 20. Bc4 Bg4 21. Qe3 Nf5 22. Qg5 Ng3+ 23. Kg1 Qxg5 24. Bxg5 Nxf1 25. hxg4 h6 26. Bc1 Nh2 27. Kxh2 Rxf2 28. Ne4 Rf1 29. b3 Raf8 30. Bb2 Rxa1 31. Bxa1 Rf1 32. Bb2 Ne7 33. Ba3 Ng6 34. Bc5 Nf4 35. g3 Ne2 36. Be3 Rd1 37. Kg2 Rb1 38. Kf3 Nc1 39. Bxc1 Rxc1 40. Ke3 g6 41. b4 Ra1 42. Bb3 axb4 43. cxb4 Rb1 44. Nd2 Rg1 45. Kf2 Rh1 46. a5 Kg7 47. Bd5 Rd1 48. Ke2 Rg1 49. Bxb7 Ra1 50. a6 h5 51. gxh5 gxh5 52. Nb3 Ra2+ 53. Ke3 Kf6 54. Na5 Ra3 55. a7 1-0

[Event "Moscow Rapid-ch 2018"]
[Site "Moscow"]
[Date "2018.12.08"]
[Round "5"]
[White "Chasovnikova, Eugenia"]
[Black "Kanevskaya, Anna"]
[Result "0-1"]
[ECO "D43"]
[WhiteElo "2201"]
[BlackElo "2105"]
[Annotator "NA"]
[PlyCount "96"]
[EventDate "2018.12.08"]
[EventType "swiss"]
[EventCountry "RUS"]
[SourceTitle "playchess.com"]
[Source "ChessBase"]
[SourceQuality "1"]
[TimeControl "900+10"]

1. d4 Nf6 2. Nf3 d5 3. c4 c6 4. Nc3 e6 5. Bg5 h6 6. Bh4 Nbd7 7. cxd5 exd5 8. e3 Be7 9. Bd3 O-O 10. Qc2 Re8 11. h3 Ne4 12. Bxe7 Qxe7 13. Bxe4 dxe4 14. Nd2 Nf6 15. Nc4 Qb4 16. Ne5 c5 17. O-O-O Bf5 18. g4 Bh7 19. a3 Qa5 20. Qb3 Qc7 21. h4 cxd4 22. exd4 Rxe5 23. dxe5 Nxg4 24. e6 Nxf2 25. exf7+ Kh8 26. Rhf1 e3 27. Qe6 Rf8 28. Qxe3 Nxd1 29. Qe8 Qd6 30. Rxd1 Qf4+ 31. Rd2 Qxf7 32. Qxf7 Rxf7 33. Rd8+ Bg8 34. Nd5 Kh7 35. h5 Rf5 36. Ne7 Rc5+ 37. Kd2 Bf7 38. Rd7 Rb5 39. b4 Bxh5 40. Nd5 Bf3 41. Nc3 Re5 42. a4 h5 43. Kd3 h4 44. Kd4 Rf5 45. Ke3 h3 46. Rd2 Bg2 47. Ne2 h2 48. Ng3 Rf3+ 0-1

[Event "Moscow Rapid-ch 2018"]
[Site "Moscow"]
[Date "2018.12.08"]
[Round "5"]
[White "Kornilovich, Dmitry"]
[Black "Dragomarezkij, Evgeni"]
[Result "0-1"]
[ECO "B40"]
[WhiteElo "2133"]
[BlackElo "2385"]
[Annotator "NA"]
[PlyCount "106"]
[EventDate "2018.12.08"]
[EventType "swiss"]
[EventCountry "RUS"]
[SourceTitle "playchess.com"]
[Source "ChessBase"]
[SourceQuality "1"]
[TimeControl "900+10"]

1. e4 c5 2. Nf3 e6 3. b3 Nc6 4. Bb2 a6 5. e5 g6 6. g3 Bg7 7. Bg2 Nh6 8. O-O Ng4 9. d4 cxd4 10. Nxd4 Ngxe5 11. f4 O-O 12. fxe5 Nxe5 13. Kh1 d5 14. Nf3 Nc6 15. Bxg7 Kxg7 16. c4 dxc4 17. bxc4 e5 18. Nc3 Be6 19. Nd5 b5 20. cxb5 axb5 21. Nc3 b4 22. Ne4 Qxd1 23. Rfxd1 Bxa2 24. Nc5 b3 25. Nxe5 b2 26. Nxc6 bxa1=Q 27. Rxa1 Bd5 28. Rxa8 Bxg2+ 29. Kxg2 Rxa8 30. Nd4 Ra2+ 31. Kf3 Rxh2 32. Ne2 Rh1 33. Ne4 Rf1+ 34. Kg2 Ra1 35. Kf3 f5 36. Nc5 Ra3+ 37. Kf2 Ra2 38. Kf3 Rc2 39. Nd7 Rc7 40. Nb6 Rc5 41. Nf4 Rc3+ 42. Kf2 Rb3 43. Nd7 Ra3 44. Kg2 Ra7 45. Nc5 Kf6 46. Kf3 Ke5 47. Nce6 Ra3+ 48. Kg2 Kf6 49. Nc7 g5 50. Ne2 Ke5 51. Kf2 Ra5 52. Ne8 Ra7 53. Ng1 g4 0-1

[Event "Moscow Rapid-ch 2018"]
[Site "Moscow"]
[Date "2018.12.08"]
[Round "5"]
[White "Zaitseva, Lyudmila"]
[Black "Vyrtosu, Natalia"]
[Result "1-0"]
[ECO "D02"]
[WhiteElo "1931"]
[BlackElo "1952"]
[Annotator "NA"]
[PlyCount "81"]
[EventDate "2018.12.08"]
[EventType "swiss"]
[EventCountry "RUS"]
[SourceTitle "playchess.com"]
[Source "ChessBase"]
[SourceQuality "1"]
[TimeControl "900+10"]

1. d4 d5 2. Nf3 Bf5 3. c4 e6 4. Nc3 c6 5. Qb3 Qc8 6. Bf4 Nf6 7. h3 Nbd7 8. e3 h6 9. Be2 Be7 10. O-O O-O 11. Rfc1 Ne4 12. cxd5 Nxc3 13. bxc3 exd5 14. a4 b6 15. c4 Be6 16. cxd5 Bxd5 17. Qc2 Nf6 18. Nd2 Qe6 19. Bd3 Nh5 20. Be5 f5 21. f3 Bg5 22. e4 Bxd2 23. Qxd2 fxe4 24. fxe4 Bb3 25. Ra3 c5 26. Rxb3 Qxb3 27. Bc4+ Qxc4 28. Rxc4 cxd4 29. Qxd4 Rad8 30. Qa1 Rd2 31. Qe1 Rfd8 32. Rc1 Ra2 33. Qh4 Rdd2 34. Qxh5 Rxg2+ 35. Kh1 Rg5 36. Qe8+ Kh7 37. Bf4 Rg6 38. e5 Ra3 39. Qd7 Rf3 40. Qf5 Rf2 41. Rg1 1-0

[Event "Moscow Rapid-ch 2018"]
[Site "Moscow"]
[Date "2018.12.08"]
[Round "5"]
[White "Usov, Aleksandr E."]
[Black "Reprintsev, Alexander"]
[Result "0-1"]
[ECO "D08"]
[WhiteElo "1593"]
[BlackElo "2371"]
[Annotator "NA"]
[PlyCount "92"]
[EventDate "2018.12.08"]
[EventType "swiss"]
[EventCountry "RUS"]
[SourceTitle "playchess.com"]
[Source "ChessBase"]
[SourceQuality "1"]
[TimeControl "900+10"]

1. d4 d5 2. c4 e5 3. Nc3 exd4 4. Qxd4 Nc6 5. Qe3+ Be6 6. cxd5 Nb4 7. Qd2 Nxd5 8. Nxd5 Qxd5 9. Qxd5 Bxd5 10. Nf3 O-O-O 11. Bd2 Nf6 12. e3 Ne4 13. a3 Nxf2 14. Kxf2 Bxf3 15. Kxf3 Rxd2 16. Bc4 Rxb2 17. Rhd1 Bd6 18. a4 Re8 19. Rab1 Rxb1 20. Rxb1 c6 21. Rd1 Kc7 22. Rf1 f6 23. Rc1 a6 24. e4 Re5 25. Bg8 Ra5 26. Bxh7 Rxa4 27. Kg4 Ra2 28. Kf5 Rxg2 29. h4 a5 30. Bg6 a4 31. h5 a3 32. Ke6 Be5 33. h6 Rxg6 34. Rc2 Rxh6 35. Kf5 Rh2 36. Rc5 a2 37. Ra5 a1=Q 38. Rxa1 Bxa1 39. Ke6 b5 40. e5 b4 41. exf6 gxf6 42. Kf7 b3 43. Ke7 b2 44. Ke6 b1=Q 45. Kf7 Rh7+ 46. Kf8 Qb8# {[%emt 0:00:02] Kg7 Rxg7} 0-1

[Event "Moscow Rapid-ch 2018"]
[Site "Moscow"]
[Date "2018.12.08"]
[Round "5"]
[White "Parpiev, Isaak"]
[Black "Pavlov, Danila"]
[Result "0-1"]
[ECO "C02"]
[WhiteElo "1406"]
[BlackElo "2323"]
[Annotator "NA"]
[PlyCount "70"]
[EventDate "2018.12.08"]
[EventType "swiss"]
[EventCountry "RUS"]
[SourceTitle "playchess.com"]
[Source "ChessBase"]
[SourceQuality "1"]
[TimeControl "900+10"]

1. e4 e6 2. d4 d5 3. e5 c5 4. c3 Qb6 5. Nf3 Nc6 6. a3 Nh6 7. Bd3 Bd7 8. Bc2 cxd4 9. cxd4 Qa6 10. Bd3 Qb6 11. Bc2 g6 12. O-O Nf5 13. Bxf5 gxf5 14. Nc3 Na5 15. Ng5 Be7 16. Qh5 O-O-O 17. Qxf7 Rde8 18. Be3 Rhf8 19. Qh5 f4 20. Rac1 Kb8 21. Bd2 Rf5 22. h4 Nb3 23. Rcd1 Qxd4 24. Be3 Qxe5 25. Bc1 h6 26. Qxh6 Rh8 27. Qg6 Bxg5 28. hxg5 Rxg5 29. Qf7 Rgh5 30. g3 Rh1+ 31. Kg2 R1h2+ 32. Kg1 Nxc1 33. Rxc1 fxg3 34. Qxd7 gxf2+ 35. Rxf2 Qg3+ 0-1

[Event "Moscow Rapid-ch 2018"]
[Site "Moscow"]
[Date "2018.12.08"]
[Round "6"]
[White "Gorbatov, Alexej"]
[Black "Girshgorn, Leonid"]
[Result "1-0"]
[ECO "B10"]
[WhiteElo "2389"]
[BlackElo "2038"]
[Annotator "NA"]
[PlyCount "101"]
[EventDate "2018.12.08"]
[EventType "swiss"]
[EventCountry "RUS"]
[SourceTitle "playchess.com"]
[Source "ChessBase"]
[SourceQuality "1"]
[TimeControl "900+10"]

1. e4 c6 2. Nc3 d5 3. Qf3 dxe4 4. Nxe4 Nf6 5. Nxf6+ exf6 6. Bc4 Bd6 7. Ne2 O-O 8. d4 Re8 9. Be3 Nd7 10. Bd3 Nb6 11. c4 Bb4+ 12. Kf1 Be6 13. b3 a5 14. a3 Bf8 15. a4 Nd7 16. Rd1 g6 17. Nf4 Bg7 18. h4 h5 19. Nxe6 Rxe6 20. Bc2 Re8 21. g3 f5 22. Kg2 Nf6 23. Bg5 Qd6 24. Bf4 Qb4 25. Be5 Rad8 26. Rd3 Ng4 27. Bxg7 Kxg7 28. Rhd1 Re7 29. R3d2 Rde8 30. d5 cxd5 31. cxd5 Qd6 32. Qc3+ Kh7 33. Qd4 Re2 34. Bd3 Rxf2+ 35. Rxf2 Ne3+ 36. Kh3 Nxd1 37. Rf3 Qe5 38. Qxe5 Rxe5 39. Bc4 Re7 40. Bb5 Re5 41. d6 Rd5 42. d7 Kg7 43. Rf1 Ne3 44. Re1 Ng4 45. Re8 Rd2 46. Re2 Rd1 47. Kg2 Nf6 48. Re8 Rd2+ 49. Kf1 Ng4 50. Ke1 Ne5 51. Kxd2 1-0

[Event "Moscow Rapid-ch 2018"]
[Site "Moscow"]
[Date "2018.12.08"]
[Round "6"]
[White "Dragomarezkij, Evgeni"]
[Black "Tsvetkov, Andrey"]
[Result "1/2-1/2"]
[ECO "D45"]
[WhiteElo "2385"]
[BlackElo "2338"]
[Annotator "NA"]
[PlyCount "103"]
[EventDate "2018.12.08"]
[EventType "swiss"]
[EventCountry "RUS"]
[SourceTitle "playchess.com"]
[Source "ChessBase"]
[SourceQuality "1"]
[TimeControl "900+10"]

1. c4 e6 2. Nc3 d5 3. d4 c6 4. e3 Nf6 5. Nf3 Nbd7 6. Qc2 Bd6 7. b3 O-O 8. Be2 Qe7 9. O-O b6 10. e4 dxe4 11. Nxe4 Nxe4 12. Qxe4 Bb7 13. Bg5 Nf6 14. Qe3 h6 15. Bh4 c5 16. Rad1 Rad8 17. Ne5 cxd4 18. Qxd4 Bc5 19. Qb2 g5 20. Bg3 Ne4 21. Bf3 Nxg3 22. hxg3 Bxf3 23. gxf3 Qf6 24. Qe2 Qf5 25. Kg2 Rd6 26. Ng4 Kg7 27. Qb2+ f6 28. Rxd6 Bxd6 29. Rh1 Rh8 30. Qd4 Bc5 31. Qd7+ Kg6 32. Re1 h5 33. Ne3 Bxe3 34. Rxe3 e5 35. Rd3 Qxd7 36. Rxd7 Rh7 37. Rd6 Re7 38. Rc6 Kf7 39. c5 Re6 40. Rc7+ Re7 41. cxb6 axb6 42. Rc8 Re8 43. Rxe8 Kxe8 44. Kh3 Kd7 45. f4 exf4 46. gxf4 Kd6 47. b4 Kd5 48. a4 Kc4 49. a5 bxa5 50. bxa5 Kb5 51. fxg5 fxg5 52. Kg3 {Kb6} 1/2-1/2

[Event "Moscow Rapid-ch 2018"]
[Site "Moscow"]
[Date "2018.12.08"]
[Round "6"]
[White "Pavlov, Danila"]
[Black "Stukan, Martin"]
[Result "1/2-1/2"]
[ECO "B90"]
[WhiteElo "2323"]
[BlackElo "2142"]
[Annotator "NA"]
[PlyCount "123"]
[EventDate "2018.12.08"]
[EventType "swiss"]
[EventCountry "RUS"]
[SourceTitle "playchess.com"]
[Source "ChessBase"]
[SourceQuality "1"]
[TimeControl "900+10"]

1. e4 c5 2. Nf3 d6 3. d4 cxd4 4. Nxd4 Nf6 5. Nc3 a6 6. Be3 e5 7. Nb3 Be6 8. Qd2 Nbd7 9. O-O-O Be7 10. f4 Rc8 11. f5 Bc4 12. g4 Bxf1 13. Rdxf1 Nxg4 14. Rhg1 Nxe3 15. Qxe3 h6 16. Kb1 Bg5 17. Qd3 Nb6 18. Nd5 Nxd5 19. Qxd5 Qc7 20. c3 Qc6 21. Qd3 Ke7 22. Rd1 Rhd8 23. Na1 Qc4 24. Nc2 Qxd3 25. Rxd3 Rc4 26. Re1 a5 27. Na3 Rc5 28. c4 g6 29. fxg6 fxg6 30. Red1 Ke6 31. b3 Be7 32. Rg3 g5 33. Rh3 Rh8 34. Nc2 b5 35. cxb5 Rxb5 36. Ne3 Rb4 37. Nc4 a4 38. a3 Rxb3+ 39. Rxb3 axb3 40. Kb2 h5 41. a4 g4 42. a5 Bh4 43. Rxd6+ Ke7 44. a6 Bf2 45. Rg6 Bd4+ 46. Kxb3 Kf7 47. Rc6 h4 48. Nd6+ Ke7 49. Nf5+ Kd7 50. Nxd4 exd4 51. Rc1 Rb8+ 52. Ka4 Rb2 53. Rg1 Rxh2 54. Rxg4 Kc7 55. Kb5 Rb2+ 56. Kc5 d3 57. Rxh4 Rc2+ 58. Kb5 d2 59. Rh7+ Kd6 60. Rh6+ Ke5 61. Rh5+ Kxe4 62. Rh1 1/2-1/2

[Event "Moscow Rapid-ch 2018"]
[Site "Moscow"]
[Date "2018.12.08"]
[Round "6"]
[White "Dudin, Gleb"]
[Black "Dvalishvili, Pavel S."]
[Result "0-1"]
[ECO "A40"]
[WhiteElo "2303"]
[BlackElo "2396"]
[Annotator "NA"]
[PlyCount "86"]
[EventDate "2018.12.08"]
[EventType "swiss"]
[EventCountry "RUS"]
[SourceTitle "playchess.com"]
[Source "ChessBase"]
[SourceQuality "1"]
[TimeControl "900+10"]

1. d4 g6 2. c4 Bg7 3. Nf3 c5 4. d5 b5 5. cxb5 a6 6. b6 Qxb6 7. Nc3 Nf6 8. e4 d6 9. a4 O-O 10. a5 Qc7 11. Bc4 Bg4 12. h3 Bxf3 13. gxf3 Nbd7 14. f4 Rfb8 15. Qd3 Qb7 16. O-O Ne8 17. h4 Nc7 18. h5 Nb5 19. hxg6 fxg6 20. e5 Nd4 21. e6 Nf6 22. Kg2 Nb3 23. Ra2 Nxc1 24. Rxc1 Nh5 25. Ne2 Rf8 26. Ra4 Qxb2 27. Rc2 Qb7 28. Ba2 Qb5 29. Qa3 Bd4 30. Bc4 Qb7 31. Qf3 Rf6 32. Bd3 Raf8 33. Rxd4 cxd4 34. f5 Rxf5 35. Bxf5 Rxf5 36. Qe4 Nf6 37. Qxd4 Rxd5 38. Qb6 Rg5+ 39. Kf1 Qh1+ 40. Ng1 Rxg1+ 41. Ke2 Qe4+ 42. Kd2 Qe1+ 43. Kd3 Qd1+ 0-1

[Event "Moscow Rapid-ch 2018"]
[Site "Moscow"]
[Date "2018.12.08"]
[Round "6"]
[White "Gurvich, Vitaly"]
[Black "Vlasov, Sergey"]
[Result "1/2-1/2"]
[ECO "D30"]
[WhiteElo "2270"]
[BlackElo "2229"]
[Annotator "NA"]
[PlyCount "97"]
[EventDate "2018.12.08"]
[EventType "swiss"]
[EventCountry "RUS"]
[SourceTitle "playchess.com"]
[Source "ChessBase"]
[SourceQuality "1"]
[TimeControl "900+10"]

1. d4 Nf6 2. c4 e6 3. Nf3 d5 4. Bg5 Nbd7 5. e3 Be7 6. Nc3 h6 7. Bh4 Ne4 8. Bxe7 Qxe7 9. cxd5 Nxc3 10. bxc3 exd5 11. Qb3 c6 12. a4 a5 13. Be2 O-O 14. O-O Nf6 15. Ne5 Ne4 16. Qb2 Qc7 17. c4 dxc4 18. Bxc4 Nd6 19. Bb3 Bf5 20. Rac1 Rae8 21. f3 Qe7 22. Rfe1 Be6 23. Qc3 Bxb3 24. Qxb3 Qe6 25. Qc3 Ra8 26. Rb1 Rfe8 27. Qb3 Qxb3 28. Rxb3 f6 29. Nd3 b5 30. Nc5 b4 31. Kf2 Kf7 32. Rc1 Rec8 33. Nd3 Ke7 34. g4 Kd8 35. Nc5 Ke7 36. h4 Rc7 37. Rg1 Nc4 38. g5 hxg5 39. hxg5 Kf7 40. gxf6 Kxf6 41. Rbb1 Rh8 42. Rg2 Rf7 43. Rc1 Nd6 44. Nd3 Rc8 45. Ne5 Re7 46. Rg6+ Kf5 47. Rxd6 c5 48. e4+ Kg5 49. Rg6+ 1/2-1/2

[Event "Moscow Rapid-ch 2018"]
[Site "Moscow"]
[Date "2018.12.08"]
[Round "6"]
[White "Utiatskaja, Irina"]
[Black "Paramzina, Anastasya"]
[Result "0-1"]
[ECO "B90"]
[WhiteElo "2246"]
[BlackElo "2229"]
[Annotator "NA"]
[PlyCount "73"]
[EventDate "2018.12.08"]
[EventType "swiss"]
[EventCountry "RUS"]
[SourceTitle "playchess.com"]
[Source "ChessBase"]
[SourceQuality "1"]
[TimeControl "900+10"]

1. e4 c5 2. Nf3 d6 3. d4 cxd4 4. Nxd4 Nf6 5. Nc3 a6 6. Be3 e6 7. g4 h6 8. Rg1 Nc6 9. h4 d5 10. exd5 Nxd5 11. Nxd5 Qxd5 12. Bg2 Qa5+ 13. c3 Ne5 14. Qe2 Be7 15. g5 h5 16. a3 Ng6 17. Rh1 e5 18. Nc2 Qa4 19. O-O-O Nxh4 20. Bd5 g6 21. b3 Qg4 22. f3 Qg2 23. Qc4 Bf5 24. Bxf7+ Kf8 25. Bd2 Rc8 26. Qxh4 Rxc3 27. Qe4 Bxe4 28. fxe4 Rxc2+ 29. Kxc2 Qxe4+ 30. Kb2 Kxf7 31. Rhf1+ Ke6 32. Rfe1 Qd4+ 33. Bc3 Bxa3+ 34. Kc2 Qf2+ 35. Kb1 Bd6 36. Rxd6+ Kxd6 37. Bxe5+ {[%emt 0:00:04] Kxe5} 0-1